 Dungeon Crawl Stone Soup version 0.31-a0-1476-g8a4046af8c (webtiles) character file.

Game seed: 3809914641405164989

19190 Ivernyr the Cruncher (level 13, -6/97 (104) HPs)
             Began as a Formicid Fighter on Dec 29, 2023.
             Was an Elder of Wu Jian.
             Mangled by an elephant (8 damage)
             ... on level 2 of the Lair of Beasts.
             The game lasted 00:37:40 (14290 turns).

Ivernyr the Cruncher (Formicid Fighter)            Turns: 14290, Time: 00:37:41

HP:   -6/97 (104)   AC: 12    Str: 24    XL:     13   Next: 2%
MP:   13/13         EV:  8    Int: 10    God:    Wu Jian [****..]
Gold: 177           SH: 17    Dex: 13    Spells: 12/12 levels left

rFire   x . .        a - +0 quarterstaff
rCold   + + +        q - +0 tower shield
rNeg    . . .        A - +1 scale mail of the King of the Hill {Fly rF- rC+++ Regen+}
rPois   .            (helmet unavailable)
rElec   .            t - +1 cloak {Will+}
rCorr   .            (no gloves)
SInv    +            (no boots)
Will    ++...        (no amulet) Stlth
                     (no ring)
HPRegen 1.16/turn    (no ring)
MPRegen 0.13/turn

%: no passive effects
@: exhausted, flying, drained
A: permanent stasis, dig shafts and tunnels, antennae 3, four strong arms
a: Dig, Shaft Self, Renounce Religion, Wall Jump, Serpent's Lash


You were on level 2 of the Lair of Beasts.
You worshipped Wu Jian.
Wu Jian was greatly pleased with you.
You visited 3 branches of the dungeon, and saw 13 of its levels.
You also visited: Sewer.

You collected 728 gold pieces.
You spent 551 gold pieces at shops.

Inventory:

Hand Weapons
 a - a +0 quarterstaff (weapon)
Missiles
 e - 3 throwing nets
Armour
 b - a +0 chain mail
 q - a +0 tower shield (worn)
 t - a +1 cloak of willpower (worn)
 A - the +1 scale mail of the King of the Hill (worn) {Fly rF- rC+++ Regen+}
   (You bought it in a shop on level 4 of the Dungeon)

   rF-:       It makes you vulnerable to fire.
   rC+++:     It renders you almost immune to cold.
   Fly:       It grants you flight.
   Regen+:    It increases your rate of health regeneration.
Wands
 g - a wand of quicksilver (7)
 h - a wand of roots (5)
 w - a wand of paralysis (6)
 x - a wand of mindburst (11)
 y - a wand of polymorph (1)
 D - a wand of flame (3)
Scrolls
 i - a scroll of amnesia
 r - 2 scrolls of enchant weapon
 u - 2 scrolls of identify
 v - 2 scrolls of fear
 z - a scroll of immolation
Potions
 c - 2 potions of brilliance {unknown}
 d - a potion of degeneration {unknown}
 f - 2 potions of haste {unknown}
 j - 3 potions of lignification {unknown}
 k - 3 potions of cancellation {unknown}
 l - 5 potions of curing {unknown}
 m - 3 potions of heal wounds {unknown}
 n - 2 potions of mutation {unknown}
 o - a potion of invisibility {unknown}
 p - 2 potions of enlightenment {unknown}
 s - a potion of berserk rage {unknown}


   Skills:
 + Level 10.7 Fighting
 * Level 13.2 Staves
 + Level 10.7 Armour
 + Level 12.7 Shields


You had 12 spell levels left.
You didn't know any spells.
Your spell library contained the following spells:

 Spells                   Type           Power      Damage    Failure   Level
 Apportation              Tloc           0%         N/A       92%         1
 Necrotise                Necr           0%         1d4       92%         1
 Cigotuvi's Dreadful Rot  Necr/Alch/Air  0%         N/A       98%         2
 Jinxbite                 Hex            0%         N/A       98%         2
 Lesser Beckoning         Tloc           0%         N/A       98%         2
 Frozen Ramparts          Ice            0%         1d1       100%        3
 Gell's Gravitas          Tloc           0%         N/A       100%        3
 Passwall                 Erth           0%         N/A       100%        3
 Teleport Other           Tloc           0%         N/A       100%        3
 Vampiric Draining        Necr           0%         2d6       100%        3
 Animate Dead             Necr           0%         N/A       100%        4
 Dispel Undead            Necr           0%         3d6       100%        4
 Leda's Liquefaction      Alch/Erth      0%         N/A       100%        4
 Martyr's Knell           Necr/Summ      0%         N/A       100%        4
 Petrify                  Alch/Erth      0%         N/A       100%        4
 Alistair's Intoxication  Alch           0%         N/A       100%        5
 Borgnjor's Vile Clutch   Necr/Erth      0%         N/A       100%        5
 Curse of Agony           Necr           0%         N/A       100%        5
 Metabolic Englaciation   Hex/Ice        0%         N/A       100%        5
 Death Channel            Necr           0%         N/A       100%        6
 Ozocubu's Refrigeration  Ice            0%         4d7       100%        7
 Shatter                  Erth           0%         3d5*      100%        9


Dungeon Overview and Level Annotations

Branches:
Dungeon (10/15)            Temple (1/1) D:7            Lair (2/5) D:9
  Sewer (visited)
  Swamp: Lair:2-3    Shoals: Lair:2-3     Snake: Lair:2-3    Spider: Lair:2-3
    Orc: D:9-12

Altars:
Ashenzari
Cheibriados
Dithmenos
Elyvilon
Fedhas
Gozag
Hepliaklqana
Kikubaaqudgha
Makhleb
Nemelex Xobeh
Okawaru
Qazlal
Ru
Sif Muna
Trog
Uskayaw
Vehumet
Wu Jian
Xom
Yredelemnul
The Shining One

Shops:
D:1 [   D:3 *   D:4 [[[:!   D:7 (!


Innate Abilities, Weirdness & Mutations

You cannot be hasted, slowed, berserked, paralysed or teleported.
You can dig through walls and to a lower floor.
You have a pair of large antennae on your head. (SInv)
Your four strong arms can wield two-handed weapons with a shield.


Message History

You hit the elephant but do no damage.
The elephant is heavily wounded.
You block the elephant's attack. x2
You hit the elephant.
The elephant is heavily wounded.
The elephant tramples you.
* * * LOW HITPOINT WARNING * * *
You hold your ground!
You block the elephant's attack.
You sock the elephant!
The elephant is severely wounded.
The elephant tramples you.
* * * LOW HITPOINT WARNING * * *
You hold your ground!
You block the elephant's attack.
You hit the elephant but do no damage.
The elephant is severely wounded.
You sock the elephant!
The elephant is almost dead.
The elephant tramples you!
* * * LOW HITPOINT WARNING * * *
You hold your ground!
The elephant trunk-slaps you.
* * * LOW HITPOINT WARNING * * *
Okay, then.
Your muscles tense, ready for explosive movement...
You extend your mandibles.
You dig through the rock wall.
You feel drained.
You dig through the rock wall.
You feel drained.
You retract your mandibles.
Your supernatural speed expires.
The elephant attacks as it pursues you! You block the elephant's attack. x2
A komodo dragon comes into view.
The komodo dragon hisses angrily.
The elephant attacks as it pursues you! The elephant tramples you.
* * * LOW HITPOINT WARNING * * *
You are shoved backwards!
The elephant tramples you!
* * * LOW HITPOINT WARNING * * *
You are shoved backwards!
You stop digging.
Unknown command.
The elephant tramples you!
You die...

..###.##.##...#.#....#..P#
#........##...###P.##...##
.#........# ..#....##..#
##.......## .......=...##
##.##P..#.# .......##...#
P.####...## .#.....#...##
.... ...... .##...#....#
..... ........###..#.....#
..... .........l@Y.Y.....#
..... ................###
... .................## ..
........#.###..##.#
......##.## ##.#.## ......
###P###.†## ......
#..##..## ...... #..##..#
#...##)#


You could see 2 elephants and a komodo dragon.

Vanquished Creatures
  A boulder beetle (D:9)
  Pikel (D:5)
  10 elephants
  6 cane toads
  4 komodo dragons
  A rime drake (Lair:1)
  A troll (D:9)
  2 wyverns
  31 yaks
  2 steam dragons
  Eustachio (D:5)
  A warg (D:10)
  3 vampire mosquitoes (D:10)
  3 basilisks (Lair:2)
  An acid dragon (D:9)
  4 water moccasins
  2 orc warriors
  3 ice beasts
  A sky beast (D:6)
  5 ogres
  A crocodile (Sewer)
  15 wolves
  A centaur (D:5)
  3 phantoms
  2 kobold brigands
  4 bullfrogs
  3 gnoll sergeants
  2 scorpions (D:5)
  A wight (D:8)
  A jelly (D:5)
  9 killer bees
  A bombardier beetle (D:5)
  9 hounds
  6 orc priests
  2 gnoll boudas (D:5)
  Jessica (D:3)
  2 hell rats (Lair:1)
  Natasha (thrice) (D:3)
  5 orc wizards
  A scorpion zombie (D:3)
  A hound zombie (D:3)
  A hound skeleton (D:3)
  27 gnolls
  3 river rats (Lair:1)
  5 adders
  2 white imps
  2 adder skeletons (D:3)
  A worm (D:2)
  3 dart slugs
  29 orcs
  8 bats
  5 endoplasms
  4 giant cockroaches
  4 goblins
  4 hobgoblins
  12 jackals
  2 quokkas
  2 ball pythons
  A ball python skeleton (D:3)
  3 frilled lizards (D:3)
  16 kobolds
  12 rats
302 creatures vanquished.

Vanquished Creatures (others)
  3 orcs (D:7)
3 creatures vanquished.

Grand Total: 305 creatures vanquished

Notes
Turn   | Place    | Note
-------+----------+-------------------------------------------
     0 | D:1      | Ivernyr the Formicid Fighter began the quest for the Orb.
     0 | D:1      | Reached XP level 1. HP: 18/18 MP: 1/1
    80 | D:1      | Reached XP level 2. HP: 24/24 MP: 2/2
   182 | D:1      | Found Raet Fue's Armour Shop.
   810 | D:2      | Reached XP level 3. HP: 20/29 MP: 3/3
  1124 | D:2      | Got the Verses on Hypothermia and the Fjord
  1639 | D:3      | Reached skill level 3 in Staves
  1639 | D:3      | Reached XP level 4. HP: 24/37 MP: 4/4
  1753 | D:3      | Identified the +3 sling of Mourning {drain, rC+}
  1856 | D:3      | Noticed Natasha
  1861 | D:3      | Killed Natasha
  1862 | D:3      | Reached XP level 5. HP: 35/42 MP: 5/5
  1893 | D:3      | Reached skill level 5 in Shields
  1961 | D:3      | Identified the +4 dagger "Goblinbane" {pain, Dex+2}
  2040 | D:3      | Noticed Natasha
  2048 | D:3      | Killed Natasha
  2084 | D:3      | Noticed Jessica
  2098 | D:3      | Reached XP level 6. HP: 26/47 MP: 6/6
  2098 | D:3      | Killed Jessica
  2099 | D:3      | Reached skill level 4 in Staves
  2144 | D:3      | Found a glowing drain.
  2171 | Sewer    | Entered a sewer
  2298 | Sewer    | Noticed a crocodile
  2310 | Sewer    | Killed a crocodile
  2385 | D:3      | Found Woynon's Assorted Antiques.
  2538 | D:3      | Noticed Natasha
  2543 | D:3      | Killed Natasha
  2649 | D:4      | Found Muhoxt's Antique Armour Shop.
  2711 | D:4      | Bought a tower shield for 112 gold pieces
  2751 | D:4      | Found Poxtuts's Book Emporium.
  2767 | D:4      | Reached XP level 7. HP: 53/55 MP: 7/7
  2789 | D:4      | Found Camnatehea's Antique Armour Emporium.
  2953 | D:4      | Found Zeschuah's Armour Shoppe.
  3078 | D:4      | Found Ticuojing's Distillery.
  3202 | D:5      | Entered Level 5 of the Dungeon
  3216 | D:5      | Reached skill level 5 in Staves
  3259 | D:5      | Reached skill level 5 in Fighting
  3259 | D:5      | Reached skill level 5 in Armour
  3429 | D:5      | Reached XP level 8. HP: 39/62 MP: 8/8
  3580 | D:5      | Identified the +6 falchion of Uxunacad {freeze, rPois rC-
                  | rCorr Int+3}
  3612 | D:5      | You fall into a shaft and drop 2 floors!
  3612 | D:7      | Found a staircase to the Ecumenical Temple.
  3796 | Temple   | Entered the Ecumenical Temple
  3816 | Temple   | Became a worshipper of the Wu Jian Council
  4291 | D:5      | Reached skill level 6 in Staves
  4891 | D:5      | Reached * piety under Wu Jian
  4926 | D:5      | Reached XP level 9. HP: 67/69 MP: 9/9
  5044 | D:5      | Noticed Eustachio
  5065 | D:5      | Killed Eustachio
  5066 | D:5      | Reached skill level 7 in Staves
  5565 | D:4      | Bought a +1 cloak of willpower for 214 gold pieces
  5648 | D:6      | Noticed Pikel
  5660 | D:5      | Killed Pikel
  5661 | D:5      | Reached skill level 8 in Staves
  6759 | D:7      | Reached XP level 10. HP: 72/79 MP: 10/10
  7005 | D:7      | Found Gooly's Weapon Emporium.
  7016 | D:7      | Reached skill level 9 in Staves
  7120 | D:7      | Found Zuogee's Distillery.
  7877 | D:8      | Reached ** piety under Wu Jian
  8495 | D:8      | Found a sparkling altar of Nemelex Xobeh.
  8659 | D:8      | Reached skill level 10 in Staves
  9040 | D:9      | Found a broken altar of Ashenzari.
  9054 | D:9      | Noticed a boulder beetle
  9078 | D:9      | You fall into a shaft and drop 1 floor!
  9078 | D:10     | Entered Level 10 of the Dungeon
  9354 | D:10     | Reached skill level 10 in Shields
  9360 | D:10     | Reached XP level 11. HP: 64/87 MP: 11/11
 10386 | D:9      | Found a staircase to the Lair.
 10396 | D:9      | Reached *** piety under Wu Jian
 10739 | D:9      | Reached skill level 11 in Staves
 11140 | D:9      | Killed a boulder beetle
 11777 | Lair:1   | Entered Level 1 of the Lair of Beasts
 11779 | Lair:1   | Noticed an elephant
 11780 | Lair:1   | Noticed an elephant
 12124 | D:4      | Bought an ichor-stained scale mail for 225 gold pieces
 12124 | D:4      | Identified the +1 scale mail of the King of the Hill {Fly
                  | rF- rC+++ Regen+} (You bought it in a shop on level 4 of
                  | the Dungeon)
 12383 | Lair:1   | Noticed an elephant
 12383 | Lair:1   | Noticed an elephant
 12402 | D:9      | Killed an elephant
 12412 | D:9      | Killed an elephant
 12455 | Lair:1   | Noticed an elephant
 12484 | Lair:1   | Noticed an elephant
 12510 | D:9      | Killed an elephant
 12525 | D:9      | Killed an elephant
 12618 | Lair:1   | Killed an elephant
 12657 | Lair:1   | Killed an elephant
 12674 | Lair:1   | Identified the +7 long sword "Ceochot" {drain, Str+3}
 12682 | Lair:1   | Reached XP level 12. HP: 96/96 MP: 12/12
 12780 | Lair:1   | Reached skill level 12 in Staves
 12965 | Lair:1   | Reached skill level 10 in Fighting
 12965 | Lair:1   | Reached skill level 10 in Armour
 14176 | Lair:2   | Reached skill level 13 in Staves
 14197 | Lair:2   | Reached **** piety under Wu Jian
 14255 | Lair:2   | Reached XP level 13. HP: 25/104 MP: 13/13
 14289 | Lair:2   | HP: 1/97 [elephant (12)]
 14290 | Lair:2   | Mangled by an elephant

Illustrated notes

Levels and vault maps discovered:
D:1:      dpeg_arrival_round_a, layout_rooms, serial_shops, shop_statue
D:2:      layout_loops_corners
D:3:      layout_loops_cross, serial_shops, nicolae_shop_crystal,
          mainiacjoe_sewer_entry_somewhere_in_here_1,
          chequers_serial_rivers_small_b, dilly_guarded_unrand_morg,
          uniq_jessica
D:4:      layout_cave_pools, serial_shops, nicolae_lakefront_shop, shop,
          nicolae_shop_peninsula, shop, nicolae_shop_crystal
D:5:      layout_cave_pools, serial_gnoll_camp, gnoll_camp_mini_doghouse,
          gnoll_camp_mini_house, gnoll_camp_mini_doghouse,
          gnoll_camp_mini_basic, gnoll_camp_medium_01, uniq_eustachio
D:6:      layout_basic, serial_library_hellmonk_angled_corner,
          amcnicky_mini_corridor_feature, uniq_pikel
D:7:      layout_rooms, temple_green, serial_shops, shop, shop,
          nicolae_fountain_basement
D:8:      layout_basic, lemuel_doored_altar, kennysheep_generic_room_13
D:9:      layout_basic, cheibrodos_ashenzari_chains, erik_lair_orcish_takeover,
          minivault_11, chequers_serial_rivers_room_b
D:10:     layout_roguey, nicolae_overflow_hidden_temple, david_orc_3,
          minmay_gold_behind_fungi
Temple:   hellmonk_temple_of_storms
Lair:1:   layout_chaotic_city, chequers_serial_rivers_micro_d,
          minmay_stone_trees_medium, kennysheep_abandoned_house,
          serial_bayou_shore_a
Lair:2:   layout_regular_city, infiniplex_staircase_pool

Skill      XL: |  1  2  3  4  5  6  7  8  9 10 11 12 |
---------------+-------------------------------------+-----
Staves         | 3 4 5 6 8 10 11 13 | 13.2
Fighting       | 4 5 6 7 8 9 10 | 10.7
Armour         | 4 5 6 7 8 9 10 | 10.7
Shields        | 5 6 7 8 10 11 12 | 12.7

Action                     |  1- 3 |  4- 6 |  7- 9 | 10-12 | 13-15 || total
---------------------------+-------+-------+-------+-------+-------++-------
  Melee: Quarterstaff      |    61 |   140 |   419 |  1128 |    27 ||  1775
         Great mace        |       |       |       |     6 |       ||     6
 Invoke: Serpent's Lash    |       |       |       |     2 |     1 ||     3
Ability: Dig               |       |     1 |       |     5 |     1 ||     7
         Lunge             |       |       |    11 |    29 |       ||    40
         Whirlwind         |       |       |     2 |    69 |       ||    71
         Shaft Self        |       |       |     1 |     1 |     2 ||     4
         Wall Jump         |       |       |       |     1 |       ||     1
    Use: Potion            |       |     1 |       |       |       ||     1
         Scroll            |       |       |     4 |     7 |       ||    11
 Armour: Scale mail        |    32 |    98 |   190 |   432 |    17 ||   769
         Chain mail        |       |       |       |    65 |       ||    65
  Dodge: Dodged            |    29 |    63 |    81 |   188 |     5 ||   366
  Block: Buckler           |    12 |    44 |       |       |       ||    56
         Tower shield      |       |    26 |   353 |   869 |    25 ||  1273

Table legend: (Time is in decaauts)
 A = Elapsed time spent in this place.
 B = Non-inter-level travel time spent in this place.
 C = Inter-level travel time spent in this place.
 D = Time resting spent in this place.
 E = Time spent auto-exploring this place.
 F = Levels seen in this place.
 G = Mean time per level.
                   A        B        C        D        E       F      G
               +--------+--------+--------+--------+--------+-----+--------+
         Total |  14383 |  13656 |    727 |   4478 |   5862 |  14 | 1027.4 |
       Dungeon |  12486 |  11797 |    689 |   4279 |   5005 |  10 | 1248.6 |
        Temple |     41 |     41 |      0 |      0 |      0 |   1 |   41.0 |
          Lair |   1636 |   1599 |     37 |    133 |    791 |   2 |  818.0 |
         Sewer |    218 |    218 |      0 |     66 |     66 |   1 |  218.0 |
               +--------+--------+--------+--------+--------+-----+--------+

Top non-repeatable levels by time:
     D:9: 2142 daAuts
     D:7: 1785 daAuts
     D:5: 1785 daAuts
     D:6: 1378 daAuts
    D:10: 1174 daAuts
  Lair:1: 1025 daAuts
     D:8: 971 daAuts
     D:2: 942 daAuts
     D:3: 921 daAuts
     D:4: 821 daAuts
  Lair:2: 610 daAuts
     D:1: 563 daAuts
   Sewer: 218 daAuts
  Temple: 41 daAuts
